 Dungeon Crawl Stone Soup version 0.24.0-41-g2ae2f7f1be (webtiles) character file.

Game seed: 9592438810703352884, levelgen mode: deterministic

910 DildoBatman the Conjurer (level 8, -4/52 HPs)
             Began as a Formicid Wizard on Dec 12, 2019.
             Killed from afar by a steam dragon (11 damage)
             ... with a ball of steam
             ... on level 6 of the Dungeon.
             The game lasted 00:17:50 (5614 turns).

DildoBatman the Conjurer (Formicid Wizard)          Turns: 5614, Time: 00:17:51

Health: -4/52      AC: 11    Str: 11    XL:     8   Next: 30%
Magic:  2/12       EV: 11    Int: 21    God:
Gold:   255        SH:  0    Dex:  9    Spells: 6/13 levels left

rFire    . . .     SeeInvis +   a - +0 spear
rCold    . . .     Gourm    .   (no shield)
rNeg     . . .     Faith    .   H - +3 leather armour
rPois    .         Spirit   .   (helmet unavailable)
rElec    .         Reflect  .   (no cloak)
rCorr    .         Harm     .   B - +2 pair of gloves
MR       .....                  q - +1 pair of boots
Stlth    ++........             (no amulet)
HPRegen  0.17/turn              (no ring)
MPRegen  0.13/turn              (no ring)

@: no status effects
A: permanent stasis, dig shafts and tunnels, four strong arms, antennae 3
a: Dig, Shaft Self


You were on level 6 of the Dungeon.
You were not hungry.

You visited 2 branches of the dungeon, and saw 8 of its levels.

You collected 255 gold pieces.

Inventory:

Hand Weapons
 a - a +0 spear (weapon)
 b - a +0 hunting sling
Missiles
 f - 2 boomerangs
 i - 121 stones (quivered)
 n - 56 arrows
 w - 36 bolts
 G - 2 javelins
Armour
 c - a +0 pair of boots of flying
 q - a +1 pair of boots (worn)
 B - a +2 pair of gloves (worn)
 H - a +3 leather armour (worn)
Jewellery
 o - an uncursed ring of ice
Wands
 r - a wand of acid (4)
 s - a wand of disintegration (9)
Scrolls
 e - 2 scrolls of enchant weapon
 g - a scroll of fog {unknown}
 h - 3 scrolls of remove curse
 u - a scroll of enchant armour {unknown}
 x - a scroll of immolation {unknown}
 y - 2 scrolls of fear {unknown}
 z - 3 scrolls of identify
 C - 2 scrolls of teleportation {unknown}
 D - a scroll of noise {unknown}
 F - a scroll of random uselessness {unknown}
Potions
 d - 4 potions of curing {unknown}
 j - 2 potions of berserk rage {unknown}
 k - a potion of mutation {unknown}
 l - a potion of haste {unknown}
 m - 2 potions of flight {unknown}
 p - a potion of might {unknown}
 t - 2 potions of agility {unknown}
Comestibles
 v - 10 rations
 E - 2 chunks of flesh


   Skills:
 - Level 1.7 Dodging
 - Level 2.4 Stealth
 - Level 3.2 Spellcasting
 - Level 6.0 Conjurations
   Level 1.0 Summonings
   Level 0.8 Translocations
 * Level 4.2 Fire Magic
 * Level 3.1 Air Magic


You had 6 spell levels left.
You knew the following spells:

 Your Spells              Type           Power        Failure   Level  Hunger
a - Conjure Flame         Conj/Fire      ###.....     6%          3    ###....
c - Magic Dart            Conj           ####         1%          1    None
e - Mephitic Cloud        Conj/Pois/Air  ###.....     14%         3    ###....

Your spell library contained the following spells:

 Spells                   Type           Power        Failure   Level  Hunger
 Call Imp                 Summ           #.......     17%         2    ##.....
 Slow                     Hex            #.......     26%         2    ##.....
 Blink                    Tloc           Unusable     N/A         2    N/A

Dungeon Overview and Level Annotations

Branches:
Dungeon (7/15)             Temple (1/1) D:4

Altars:
Ashenzari
Cheibriados
Dithmenos
Elyvilon
Gozag
Hepliaklqana
Makhleb
Nemelex Xobeh
Okawaru
Qazlal
Ru
Sif Muna
Trog
Uskayaw
Vehumet
Wu Jian
Xom
Yredelemnul
Zin
The Shining One

Shops:
D:4 :

Annotations:
D:2 exclusion: sensed monster (detected)
D:4 exclusion: 2 sensed monsters (detected), Dowan
D:5 Prince Ribbit
D:6 1 exclusion


Innate Abilities, Weirdness & Mutations

You cannot be hasted, slowed, berserked, paralysed or teleported.
You can dig through walls and to a lower floor.
Your four strong arms can wield two-handed weapons with a shield.
You have a pair of large antennae on your head. (SInv)


Message History

Casting: Mephitic Cloud (safe; 14% risk of failure)
Confirm with . or Enter, or press ? or * to list all spells.
Aiming: Magic Dart (safe; 1% risk of failure)
Press: ? - help, Shift-Dir - straight line, f/p - steam dragon
Aim: a steam dragon (severely wounded, confused)
The magic dart hits the steam dragon but does no damage.
The steam dragon is severely wounded.
You hit the steam dragon.
The steam dragon is severely wounded.
The steam dragon bites you. The steam dragon barely misses you.
You hit the steam dragon but do no damage.
The steam dragon is severely wounded.
The steam dragon misses you.
The steam dragon claws you but does no damage.
You hit the steam dragon but do no damage.
The steam dragon is severely wounded.
The steam dragon breathes steam at you. The ball of steam hits you!
You die...

#)#####.# #.#.##.##.#[# #.#...
#.#.....####.#.##.##.#.###.###.
#.#[#####......................
#.#÷# #.##.#.##.##.#.########
#.#.#####.##.#.##....#.....#
#.#.......##.#.#####....##.#
#.#######§##.#.# #<...##.# #.#
#§#..#.# #.[..##.### #.#
#§§#D#@# #....##...# #.#
#§##.#§# #.#####...# #.#
#.##.#§#####.#####...## #.#
#>...D.................
#.#######......_.....#####.####
#...........##...##### #.#
##########.#.###### #.#
#..........#.# #.#
##.######..#.########## #.#


There were no monsters in sight!

Vanquished Creatures
  An ice beast (D:6)
  2 ogres
  2 bullfrogs (D:6)
  2 orc wizards (D:6)
  A hound (Temple)
  2 jellies (D:6)
  An orc priest (D:3)
  A bullfrog skeleton (D:6)
  A centaur skeleton (D:4)
  2 iguanas
  2 worker ants
  2 hound skeletons
  A worker ant zombie (D:5)
  5 adders
  A shadow imp (D:6)
  An ooze (D:3)
  An adder skeleton (D:3)
  3 worms
  3 dart slugs
  5 leopard geckos
  16 orcs
  3 ball pythons
  6 bats
  5 giant cockroaches
  2 goblins (D:1)
  4 hobgoblins
  4 jackals (D:1)
  A quokka (D:6)
  A ball python skeleton (D:5)
  3 frilled lizards
  6 kobolds
  8 rats
98 creatures vanquished.

Notes
Turn   | Place    | Note
-------+----------+-------------------------------------------
     0 | D:1      | DildoBatman the Formicid Wizard began the quest for the
                  | Orb.
     0 | D:1      | Reached XP level 1. HP: 13/13 MP: 4/4
    43 | D:1      | Reached skill level 1 in Conjurations
   337 | D:1      | Reached XP level 2. HP: 15/19 MP: 1/6
   576 | D:1      | Reached skill level 2 in Conjurations
   866 | D:2      | Reached XP level 3. HP: 24/24 MP: 4/7
   874 | D:2      | Learned a level 3 spell: Conjure Flame
   878 | D:2      | Learned a level 3 spell: Mephitic Cloud
  1334 | D:2      | Reached skill level 3 in Conjurations
  1557 | D:2      | Reached XP level 4. HP: 30/30 MP: 0/8
  1805 | D:3      | Found a shimmering blue altar of Sif Muna.
  1805 | D:3      | Found a sparkling altar of Nemelex Xobeh.
  1805 | D:3      | Found a sacrificial altar of Ru.
  1811 | D:3      | Found a faded altar of an unknown god.
  1878 | D:3      | Found a white marble altar of Elyvilon.
  1978 | D:3      | Reached skill level 4 in Conjurations
  1978 | D:3      | Reached XP level 5. HP: 27/35 MP: 4/9
  2970 | D:4      | Found a staircase to the Ecumenical Temple.
  2980 | Temple   | Entered the Ecumenical Temple
  3149 | D:4      | Reached skill level 1 in Fire Magic
  3149 | D:4      | Reached XP level 6. HP: 33/41 MP: 6/10
  3183 | D:4      | Reached skill level 1 in Air Magic
  3186 | D:4      | Found Qaitubeh's Book Emporium.
  3230 | D:4      | Noticed Dowan
  3319 | D:4      | Found a snail-covered altar of Cheibriados.
  3325 | D:4      | Noticed an ogre
  3349 | D:4      | Killed an ogre
  3349 | D:4      | Reached skill level 5 in Conjurations
  3425 | D:5      | Entered Level 5 of the Dungeon
  3578 | D:6      | Reached XP level 7. HP: 46/46 MP: 7/11
  4485 | D:6      | Found a burning altar of Makhleb.
  4611 | D:6      | Reached skill level 6 in Conjurations
  4611 | D:6      | Reached XP level 8. HP: 52/52 MP: 1/12
  5468 | D:7      | Noticed Prince Ribbit
  5614 | D:6      | Killed from afar by a steam dragon

Levels and vault maps discovered:
D:1:      wander_arrival_desolate, layout_loops_cross
D:2:      kennysheep_the_goblin_king, layout_basic
D:3:      layout_basic, nicolae_overflow_quartered_altars,
          chequers_ecumenical_altar_simple_redux
D:4:      layout_gridville, kennysheep_slug_shrine,
          minmay_temple_entry_crystal_x, serial_shops, shop, first_ration,
          uniq_blork_the_orc, uniq_duvessa, uniq_eustachio
D:5:      layout_loops_ring, chequers_mini_garden, minmay_crystal_room,
          minmay_circle_x, uniq_grinder, uniq_edmund
D:6:      layout_basic, bloody_makhleb
D:7:      layout_cave_pools, uniq_menkaure, uniq_prince_ribbit1, uniq_pikel
Temple:   eino_temple_water

Skill      XL: |  1  2  3  4  5  6  7  8 |
---------------+-------------------------+-----
Conjurations   | 1 2 3 4 5 6 |  6.0
Fire Magic     | 1 2 3 4 |  4.2
Air Magic      | 1 2 3 |  3.1
Dodging        | |  1.7
Stealth        | |  2.4
Spellcasting   | |  3.2
Summonings     | |  1.0
Translocations | |  0.8

Action                   |  1- 3 |  4- 6 |  7- 9 || total
-------------------------+-------+-------+-------++-------
Melee: Club              |    21 |    15 |       ||    36
       Unarmed           |     3 |       |       ||     3
       Hand axe          |       |     5 |       ||     5
       Spear             |       |    31 |   160 ||   191
 Cast: Magic Dart        |    81 |    75 |    65 ||   221
       Mephitic Cloud    |       |     2 |     4 ||     6
       Conjure Flame     |       |     7 |    21 ||    28
 Abil: Dig               |     1 |       |     7 ||     8
  Use: Scroll            |       |     5 |       ||     5
 Stab: Sleeping          |     2 |     1 |       ||     3
       Confused          |       |     3 |     1 ||     4
  Eat: Chunk             |     2 |     3 |    10 ||    15
       Ration            |       |     1 |       ||     1
Armor: Robe              |     8 |     9 |    12 ||    29
       Leather armour    |       |       |     7 ||     7
Dodge: Dodged            |    25 |    28 |    35 ||    88
